 Dungeon Crawl Stone Soup version 0.29-a0-82-g837932c90e (webtiles) character file.

Game seed: 13766448881261895047

112 lordive the Skirmisher (level 4, 1/40 HPs)
             Began as a Hill Orc Fighter on Feb 4, 2022.
             Quit the game in a sewer.
             The game lasted 00:02:51 (2619 turns).

lordive the Skirmisher (Hill Orc Fighter)           Turns: 2619, Time: 00:02:51

Health: 1/40       AC:  7    Str: 20    XL:     4   Next: 95%
Magic:  5/5        EV:  9    Int:  8    God:
Gold:   79         SH:  4    Dex: 10    Spells: 3/3 levels left

rFire   . . .      SeeInvis .   a - +0 long sword
rCold   . . .      Faith    .   c - +0 buckler
rNeg    . . .      Spirit   .   b - +0 scale mail
rPois   .          Reflect  .   (no helmet)
rElec   .          Harm     .   (no cloak)
rCorr   .          Rampage  .   (no gloves)
Will    .....                   (no boots)
Stlth   ..........              (no amulet)
HPRegen 0.13/turn               (no ring)
MPRegen 0.09/turn               (no ring)

@: mighty, lethally poisoned (1 -> -13), hasted, very quick
A: no striking features
a: no special abilities


You were in a sewer.
You visited 1 branch of the dungeon, and saw 3 of its levels.
You also visited: Sewer.

You collected 79 gold pieces.

Inventory:

Hand Weapons
 a - a +0 long sword (weapon)
 g - a +2 dagger of electrocution
Armour
 b - a +0 scale mail (worn)
 c - a +0 buckler (worn)
 e - a +1 cloak
Scrolls
 i - a scroll of noise {unknown}
 j - 2 scrolls of identify {unknown}
 k - a scroll of summoning {unknown}
Potions
 d - a potion of might
 h - 2 potions of haste


   Skills:
 + Level 4.3 Fighting
 + Level 3.3 Long Blades
 + Level 4.1 Armour
 + Level 0.7 Dodging
 + Level 3.6 Shields
 * Level 1.8 Invocations


You had 3 spell levels left.
You didn't know any spells.
Your spell library was empty.

Dungeon Overview and Level Annotations

Branches:
Dungeon (3/15)              Sewer (1/1)

Altars:
Gozag


Message History

The water moccasin hisses angrily.
A water moccasin is nearby!
A water moccasin is nearby!
You enter the shallow water.
Moving in this stuff is going to be slow.
Found 21 gold pieces.
The water moccasin barely misses you. x2
You miss the water moccasin. You block the water moccasin's attack.
You closely miss the water moccasin. The water moccasin closely misses you.
The water moccasin bites you!
You closely miss the water moccasin. The water moccasin bites you. x2
You are poisoned.
The water moccasin poisons you!
You slash the water moccasin!
The water moccasin is moderately wounded.
You feel very sick. The water moccasin bites you.
The water moccasin bites you but does no damage.
You are too injured to fight recklessly!
You feel very mighty all of a sudden.
You feel very sick. The water moccasin bites you.
* * * LOW HITPOINT WARNING * * *
It was a potion of curing.
You feel better. The water moccasin bites you.
* * * LOW HITPOINT WARNING * * *
The water moccasin bites you but does no damage.
You closely miss the water moccasin.
The water moccasin is moderately wounded.
The water moccasin bites you.
* * * LOW HITPOINT WARNING * * *
It was a potion of haste.
You feel yourself speed up. The water moccasin closely misses you.
The water moccasin bites you.
* * * LOW HITPOINT WARNING * * *
You are lethally poisoned!
The water moccasin poisons you!
It was a potion of magic.
Magic courses through your body.
* * * LOW HITPOINT WARNING * * *
You feel very sick. You block the water moccasin's attack.
Are you sure you want to abandon this character and quit the game? (Confirm with "yes".)

#### # ..≈.## # #? ###
.....### # #(≈##..
#.≈≈..### # ###≈.≈≈
#≈≈...### #.≈≈≈..##
##.≈≈≈... #≈≈.S≈###
###...≈.###
#$.##≈.@..####≈..≈.###
# ###......≈≈≈.### #
###......### #
########


You could see a water moccasin.

Vanquished Creatures
  2 adders
  A river rat (D:3)
  A worm (D:2)
  3 dart slugs
  3 ball pythons (D:1)
  10 endoplasms
  2 giant cockroaches
  8 goblins
  6 hobgoblins
  8 jackals
  4 kobolds
  3 quokkas
  5 bats
  9 frilled lizards
  2 rats (D:2)
67 creatures vanquished.

Notes
Turn   | Place    | Note
-------+----------+-------------------------------------------
     0 | D:1      | lordive the Hill Orc Fighter began the quest for the Orb.
     0 | D:1      | Reached XP level 1. HP: 19/19 MP: 1/1
   113 | D:1      | Reached XP level 2. HP: 27/27 MP: 2/2
   257 | D:1      | Found a faded altar of an unknown god.
   497 | D:1      | Reached XP level 3. HP: 33/33 MP: 3/3
  1148 | D:2      | Reached skill level 1 in Invocations
  1276 | D:2      | Reached XP level 4. HP: 12/40 MP: 4/4
  1891 | D:2      | Found an opulent altar of Gozag.
  2471 | D:3      | Found a glowing drain.
  2490 | Sewer    | Entered a sewer
  2607 | Sewer    | Noticed a water moccasin
  2618 | Sewer    | HP: 1/40 [poisoned by a water moccasin]
  2619 | Sewer    | Quit the game

Illustrated notes

Levels and vault maps discovered:
D:1:      minmay_arrival_semitransparent, layout_loops_ring,
          basic_ecumenical_altar
D:2:      layout_loops_ring, basic_altar, chequers_serial_rivers_micro_d,
          minmay_misc_feat_secret_circle
D:3:      layout_loops_ring, cheibrodos_sewer_entry_sluice, serial_shops, shop,
          kennysheep_another_room, st_stairs_1
Sewer:    sewer_the_moccasin

Skill      XL: |  1  2  3  4 |
---------------+-------------+-----
Fighting       | 4 |  4.3
Invocations    | 1 |  1.8
Long Blades    | 3 |  3.3
Armour         | 4 |  4.1
Dodging        | |  0.7
Shields        | |  3.6

Action                   |  1- 3 |  4- 6 || total
-------------------------+-------+-------++-------
Melee: Long sword        |   126 |    73 ||   199
  Use: Potion            |       |     4 ||     4
Armor: Scale mail        |    52 |    24 ||    76
Dodge: Dodged            |    71 |    34 ||   105
Block: Buckler           |    33 |    16 ||    49

Table legend: (Time is in decaauts)
 A = Elapsed time spent in this place.
 B = Non-inter-level travel time spent in this place.
 C = Inter-level travel time spent in this place.
 D = Time resting spent in this place.
 E = Time spent auto-exploring this place.
 F = Levels seen in this place.
 G = Mean time per level.
                   A        B        C        D        E       F      G
               +--------+--------+--------+--------+--------+-----+--------+
         Total |   2683 |   2649 |     34 |      0 |   2195 |   4 |  670.8 |
       Dungeon |   2547 |   2513 |     34 |      0 |   2082 |   3 |  849.0 |
         Sewer |    136 |    136 |      0 |      0 |    113 |   1 |  136.0 |
               +--------+--------+--------+--------+--------+-----+--------+

Top non-repeatable levels by time:
     D:2: 1150 daAuts
     D:1: 1085 daAuts
     D:3: 311 daAuts
   Sewer: 136 daAuts
